 Dungeon Crawl Stone Soup version 0.24-a0-271-ga0fc33f (webtiles) character file.

Game seed: 11677959818183230231

693 MisterFreud the Slasher (level 7, -3/45 HPs)
             Began as an Octopode Gladiator on Apr 23, 2019.
             Killed from afar by Pikel (7 damage)
             ... with a burst of metal fragments
             ... on level 5 of the Dungeon on Apr 24, 2019.
             The game lasted 00:08:10 (4528 turns).

MisterFreud the Slasher (Octopode Gladiator)        Turns: 4528, Time: 00:08:11

Health: -3/45      AC:  2    Str: 14    XL:     7   Next: 64%
Magic:  7/7        EV: 16    Int: 12    God:
Gold:   326        SH:  0    Dex: 13    Spells: 6/6 levels left

rFire    . . .     SeeInvis .   a - +1 long sword
rCold    + . .     Gourm    .   (no shield)
rNeg     . . .     Faith    .   b - +1 hat
rPois    .         Spirit   .   (no amulet)
rElec    .         Reflect  .   h - ring of protection from cold
rCorr    .         Harm     .   (no ring)
MR       .....                  (no ring)
Stlth    ++++......             (no ring)
HPRegen  0.15/turn              (no ring)
MPRegen  0.10/turn              (no ring)
                                (no ring)
                                (no ring)

@: no status effects
A: almost no armour, stealthy swim, amphibious, 8 rings, constrict 8, camouflage
1, gelatinous body 1
a: no special abilities


You were on level 5 of the Dungeon.
You were not hungry.

You visited 1 branch of the dungeon, and saw 6 of its levels.

You collected 326 gold pieces.

Inventory:

Hand Weapons
 a - a +1 long sword (weapon)
Missiles
 c - 3 throwing nets (quivered)
 k - 78 stones
 m - 30 arrows
 n - 43 sling bullets
 r - 2 tomahawks
 v - 25 poisoned needles
Armour
 b - a +1 hat (worn)
Jewellery
 h - a ring of protection from cold (left tentacle)
Wands
 f - a wand of iceblast (12)
 i - a wand of random effects (21)
Scrolls
 e - 4 scrolls of enchant weapon
 p - a scroll of identify
Potions
 g - a potion of haste {unknown}
 j - a potion of degeneration
 l - 2 potions of might
 o - 5 potions of curing
 q - a potion of lignification
 s - a potion of ambrosia {unknown}
 t - a potion of flight {unknown}
 u - a potion of cancellation {unknown}
 w - a potion of brilliance
Comestibles
 d - 14 rations


   Skills:
 - Level 2.0 Fighting
 - Level 6.0 Long Blades
 - Level 2.0 Throwing
 - Level 6.0 Dodging
 + Level 4.3 Stealth


You had 6 spell levels left.
You didn't know any spells.
Your spell library was empty.

Dungeon Overview and Level Annotations

Branches:
Dungeon (6/15)
 Temple: D:4-7

Altars:
Nemelex Xobeh
Zin
The Shining One

Annotations:
D:4 1 runed translucent door, Borgoz's ghost, weakling KoGl
D:5 Pikel


Innate Abilities, Weirdness & Mutations

You cannot wear most types of armour.
You are very stealthy in the water. (Stealth+)
You are amphibious.
You can wear up to eight rings at the same time.
You can use your tentacles to constrict eight enemies at once.
Your skin changes colour to match your surroundings (Stealth+).
Your rubbery body absorbs attacks. (AC +1, EV +1)


Message History

The mass of ice explodes!
The iceblast engulfs Pikel.
Pikel is lightly wounded.
Evoke which item? (* to show all) (? for menu, Esc to quit)
Aiming: Iceblast
Press: ? - help, Shift-Dir - straight line, f/p - Pikel
Aim: Pikel, wielding a +0 whip of flaming, wearing a +0 robe and carrying a wand of scattershot (6) (lightly wounded)
The mass of ice explodes!
The iceblast engulfs Pikel!
Pikel is moderately wounded.
You closely miss Pikel. You grab Pikel. You squeeze Pikel, but do no damage.
Pikel is moderately wounded.
You constrict Pikel, but do no damage. Pikel barely misses you.
You hit Pikel.
Pikel is heavily wounded.
You constrict Pikel.
Pikel zaps a wand.
The burst of metal fragments hits you!
* * * LOW HITPOINT WARNING * * *
The burst of metal fragments hits you!
* * * LOW HITPOINT WARNING * * *
The burst of metal fragments misses you.
The burst of metal fragments hits you!
You die...

# #########.##.#.##....#
.### #.##.#.##.#.)# ...#
#....#.##.#<.# ####
######.#####.###### ##.#
#......# # .[.# ######.#
# #### ...#### #.#
#####...#########.......
#.#
................@K......
#.#
.####....)......#.......
###.# ..#
#...........#.......
#<..#
#.###...........#.......
#####
#..##...........#.......
##.##...........#.[.####
#.##...........###.#
#.##...........# .#
#.###..........#


You could see Pikel.

Vanquished Creatures
  A phantom (D:4)
  4 slaves
  A black bear (D:4)
  A centaur (D:4)
  A scorpion (D:5)
  A crimson imp (D:5)
  A hound (D:5)
  A centaur skeleton (D:3)
  Ijyb (D:3)
  3 worker ants
  A hound zombie (D:5)
  4 gnolls (D:4)
  5 adders
  An ooze (D:3)
  2 adder skeletons
  5 worms
  2 leopard geckos
  3 orcs
  2 giant cockroaches
  9 goblins
  9 hobgoblins
  4 jackals (D:4)
  3 quokkas
  7 bats
  9 frilled lizards
  7 kobolds
  6 rats
94 creatures vanquished.

Vanquished Creatures (others)
  A centaur (D:6)
  An orc wizard (D:6)
  A worker ant (D:6)
  2 adders (D:6)
  A shadow imp (D:6)
  An orc (D:6)
  A jackal (D:6)
  A quokka skeleton (D:6)
9 creatures vanquished.

Grand Total: 103 creatures vanquished

Notes
Turn   | Place    | Note
-------+----------+-------------------------------------------
     0 | D:1      | MisterFreud the Octopode Gladiator began the quest for the
                  | Orb.
     0 | D:1      | Reached XP level 1. HP: 14/14 MP: 1/1
   273 | D:1      | Reached XP level 2. HP: 14/19 MP: 2/2
   610 | D:1      | Reached XP level 3. HP: 13/24 MP: 3/3
  1490 | D:3      | Reached XP level 4. HP: 29/29 MP: 4/4
  1513 | D:3      | Noticed Ijyb
  1526 | D:3      | Killed Ijyb
  1526 | D:3      | Reached skill level 5 in Long Blades
  1776 | D:3      | Reached XP level 5. HP: 20/34 MP: 5/5
  2536 | D:4      | Found a glowing silver altar of Zin.
  2552 | D:4      | Noticed a phantom
  2588 | D:4      | Killed a phantom
  2588 | D:4      | Reached XP level 6. HP: 21/39 MP: 6/6
  2790 | D:4      | Found a runed translucent door.
  2790 | D:4      | Noticed Borgoz's ghost (weakling KoGl)
  2893 | D:4      | Noticed a black bear
  2902 | D:4      | Killed a black bear
  2902 | D:4      | Reached skill level 5 in Dodging
  2914 | D:4      | Reached XP level 7. HP: 11/45 MP: 7/7
  2999 | D:4      | Reached skill level 1 in Stealth
  3763 | D:5      | Entered Level 5 of the Dungeon
  3999 | D:5      | Found a glowing golden altar of the Shining One.
  4120 | D:5      | Noticed Pikel
  4151 | D:6      | Found a sparkling altar of Nemelex Xobeh.
  4528 | D:5      | Killed from afar by Pikel

Levels and vault maps discovered:
D:1:      dpeg_arrival_radiant, layout_basic, minivault_14,
          minmay_indecisive_spiral
D:2:      layout_basic, first_ration
D:3:      layout_loops_ring, uniq_ijyb
D:4:      layout_layer_cave, zin_academy, hellmonk_ghost_happy_afterlife
D:5:      layout_basic, nicolae_overflow_hidden_temple,
          kennysheep_generic_room_11, uniq_pikel
D:6:      minmay_general_purpose_star, layout_basic,
          nemelex_xobeh_ov_fountains_minmay, grunt_ministairs_12,
          hangedman_abyss_or_decor_lesser_grid, corexii_hall_statues_u,
          xom_confusion_cloud, uniq_blork_the_orc, uniq_duvessa

Skill      XL: |  1  2  3  4  5  6  7 |
---------------+----------------------+-----
Long Blades    | 4 5 6 |  6.0
Dodging        | 4 5 6 |  6.0
Stealth        | 4 |  4.3
Fighting       | |  2.0
Throwing       | |  2.0

Action                   |  1- 3 |  4- 6 |  7- 9 || total
-------------------------+-------+-------+-------++-------
Melee: Long sword        |    72 |    81 |    44 ||   197
       Constrict         |    21 |    16 |    13 ||    50
       Tentacles         |    10 |    19 |    15 ||    44
Evoke: Wand              |       |     2 |     2 ||     4
  Use: Scroll            |     6 |     5 |       ||    11
       Potion            |       |     2 |       ||     2
 Stab: Sleeping          |     8 |     6 |     1 ||    15
       Distracted        |     1 |       |       ||     1
       Paralysed         |       |     8 |       ||     8
  Eat: Chunk             |     2 |     4 |     2 ||     8
       Ration            |       |       |     1 ||     1
Armor: Skin              |     4 |    10 |     2 ||    16
Dodge: Dodged            |    44 |    35 |    48 ||   127
       Rpst.: Long sword |     8 |     7 |    14 ||    29

Table legend:
 A = Non-vault XP
 B = Vault XP
 C = Vault XP percentage of total XP
 D = Non-vault monster count
 E = Vault monster count
 F = Vault count percentage of total count
                 A         B        C        D         E       F
            +---------+---------+-------+---------+---------+-------
      Total |     951 |      40 |   4.0 |      85 |       5 |   5.6
            +---------+---------+-------+---------+---------+-------
        D:1 |      32 |       5 |  13.5 |      19 |       4 |  17.4
        D:2 |      44 |       0 |   0.0 |      21 |       0 |   0.0
        D:3 |     115 |      35 |  23.3 |      15 |       1 |   6.2
        D:4 |     567 |       0 |   0.0 |      23 |       0 |   0.0
        D:5 |     193 |       0 |   0.0 |       7 |       0 |   0.0
            +---------+---------+-------+---------+---------+-------
